3AAA
AUSTIN BLACK MAMBAS @ CALGARY LYNX
08/01/2041
 
TOP OF THE 1ST
Austin Black Mambas batting - Pitching for Calgary Lynx : RHP Lorenzo Díaz
Pitching: RHP Lorenzo Díaz
Batting: RHB Ned Lyons 0-0: Called Strike
0-1: Ball
1-1: Ground out 6-3 (Groundball, 6, EV 88.8 MPH)
Batting: LHB Rich Watkins 0-0: Foul Ball, location: 2F
0-1: Ball
1-1: Foul Ball, location: 2F
1-2: Ball
2-2: Ball
3-2: SINGLE (Groundball, 15S, EV 63.1 MPH) (infield hit)
Batting: RHB Bailey Gribbins 0-0: Ball
1-0: Called Strike
1-1: Foul Ball, location: 2F
1-2: SINGLE (Line Drive, 6MD, EV 96.9 MPH)
Rich Watkins to second
Runner from 2nd tries for 3rd, OUT! 8-5
Batting: LHB Tomás Muinos 0-0: Called Strike
0-1: Ball
1-1: Foul Ball, location: 2F
1-2: Ball
Passed Ball!
Bailey Gribbins to second
2-2: Ball
3-2: Foul Ball, location: 2F
3-2: Fly out, F2 (Popup, 23F, EV 75.6 MPH)
Top of the 1st over - 0 runs, 2 hits, 0 errors, 1 left on base; Austin 0 - Calgary 0
BOTTOM OF THE 1ST
Calgary Lynx batting - Pitching for Austin Black Mambas : RHP Harvey Wyles
Pitching: RHP Harvey Wyles
Batting: LHB Jeff Hershberger 0-0: Swinging Strike
0-1: Ball
1-1: SINGLE (Line Drive, 89M, EV 100.6 MPH)
Batting: SHB John Hawley 0-0: Foul Ball, location: 2F
0-1: Ball
1-1: Fielders Choice at 2nd, 6-4 (Groundball, 6, EV 84.4 MPH)
Batting: LHB Tim O'Neal 0-0: Called Strike
0-1: Ball
1-1: Ball
2-1: Ball
3-1: Called Strike
3-2: Base on Balls
John Hawley to second
Batting: RHB Jihan Tuah 0-0: Foul Ball, location: 2F
0-1: Swinging Strike
0-2: Strikes out swinging
Batting: LHB Luis Arroyo 0-0: Ground out 1-3 (Groundball, 13, EV 83.8 MPH)
Bottom of the 1st over - 0 runs, 1 hit, 0 errors, 2 left on base; Austin 0 - Calgary 0
TOP OF THE 2ND
Austin Black Mambas batting - Pitching for Calgary Lynx : RHP Lorenzo Díaz
Batting: RHB Jack Núñez 0-0: Ball
1-0: Called Strike
1-1: Foul Ball, location: 2F
1-2: Ball
2-2: SINGLE (Groundball, 56D, EV 97.5 MPH)
Batting: RHB Doug Page 0-0: Fly out, F9 (Flyball, 9S, EV 82.5 MPH)
Batting: RHB José González 0-0: Called Strike
0-1: Reached via error on a dropped throw from 1B, E1 (Groundball, 34S, EV 83.1 MPH)
Jack Núñez to second
Batting: RHB Francisco Ortíz 0-0: Called Strike
0-1: Ball
1-1: Swinging Strike
1-2: Ball
2-2: Fielders Choice at 2nd, 4-6 (Groundball, 4, EV 110.0 MPH)
Jack Núñez to third
Batting: RHB Kamakakoa Kaponianani 0-0: Ball
1-0: Called Strike
1-1: Foul Ball, location: 2F
1-2: Foul Ball, location: 2F
1-2: Ball
Francisco Ortíz steals 2nd base
2-2: Ground out 5-3 (Groundball, 56S, EV 73.8 MPH)
Top of the 2nd over - 0 runs, 1 hit, 1 error, 2 left on base; Austin 0 - Calgary 0
BOTTOM OF THE 2ND
Calgary Lynx batting - Pitching for Austin Black Mambas : RHP Harvey Wyles
Batting: LHB António González 0-0: Foul Ball, location: 2F
0-1: Swinging Strike
0-2: Ground out 4-3 (Groundball, 4, EV 80.0 MPH)
Batting: RHB Tobias Valencia 0-0: Ball
1-0: Called Strike
1-1: Ball
2-1: Fly out, F7 (Flyball, 7S, EV 86.9 MPH)
Batting: RHB Isagani Gorre 0-0: Ball
1-0: Ground out 4-3 (Groundball, 4, EV 99.4 MPH)
Bottom of the 2nd over - 0 runs, 0 hits, 0 errors, 0 left on base; Austin 0 - Calgary 0
TOP OF THE 3RD
Austin Black Mambas batting - Pitching for Calgary Lynx : RHP Lorenzo Díaz
Batting: RHB Ned Lyons 0-0: Ground out 6-3 (Groundball, 6, EV 86.2 MPH)
Batting: LHB Rich Watkins 0-0: Ball
1-0: Ball
2-0: Ball
3-0: Called Strike
3-1: Ground out 5-3 (Groundball, 5, EV 88.8 MPH)
Batting: RHB Bailey Gribbins 0-0: Called Strike
0-1: Foul Ball, location: 2F
0-2: Ball
1-2: Strikes out swinging
Top of the 3rd over - 0 runs, 0 hits, 0 errors, 0 left on base; Austin 0 - Calgary 0
BOTTOM OF THE 3RD
Calgary Lynx batting - Pitching for Austin Black Mambas : RHP Harvey Wyles
Batting: SHB Jim Santos 0-0: Foul Ball, location: 2F
0-1: Ball
1-1: Ball
2-1: Ball
3-1: Swinging Strike
3-2: Base on Balls
Batting: LHB Jeff Hershberger 0-0: Ball
1-0: Swinging Strike
1-1: Ball
2-1: Fly out, F2 (Popup, 2LF, EV 89.4 MPH)
Batting: SHB John Hawley 0-0: Called Strike
0-1: Foul Ball, location: 2F
0-2: Strikes out swinging
Batting: LHB Tim O'Neal 0-0: Foul Ball, location: 2F
0-1: Ball
1-1: Foul Ball, location: 2F
1-2: Strikes out swinging
Bottom of the 3rd over - 0 runs, 0 hits, 0 errors, 1 left on base; Austin 0 - Calgary 0
TOP OF THE 4TH
Austin Black Mambas batting - Pitching for Calgary Lynx : RHP Lorenzo Díaz
Batting: LHB Tomás Muinos 0-0: Ball
1-0: Called Strike
1-1: Foul Ball, location: 2F
1-2: Foul Ball, location: 2F
1-2: Strikes out swinging
Batting: RHB Jack Núñez 0-0: DOUBLE (Line Drive, 89XD, EV 102.5 MPH)
Batting: RHB Doug Page 0-0: Ball
1-0: Swinging Strike
1-1: Called Strike
1-2: Foul Ball, location: 2F
1-2: Strikes out swinging
Batting: RHB José González 0-0: Ball
1-0: Fly out, F7 (Flyball, 7S, EV 75.6 MPH)
Top of the 4th over - 0 runs, 1 hit, 0 errors, 1 left on base; Austin 0 - Calgary 0
BOTTOM OF THE 4TH
Calgary Lynx batting - Pitching for Austin Black Mambas : RHP Harvey Wyles
Batting: RHB Jihan Tuah 0-0: Foul Ball, location: 2F
0-1: Called Strike
0-2: Strikes out swinging
Batting: LHB Luis Arroyo 0-0: Called Strike
0-1: Called Strike
0-2: Ball
1-2: Strikes out swinging
Batting: LHB António González 0-0: Fly out, F5 (Popup, 5F, EV 81.2 MPH)
Bottom of the 4th over - 0 runs, 0 hits, 0 errors, 0 left on base; Austin 0 - Calgary 0
TOP OF THE 5TH
Austin Black Mambas batting - Pitching for Calgary Lynx : RHP Lorenzo Díaz
Batting: RHB Francisco Ortíz 0-0: Swinging Strike
0-1: Called Strike
0-2: Fly out, F7 (Flyball, 78D, EV 85.6 MPH)
Batting: RHB Kamakakoa Kaponianani 0-0: Ball
1-0: Ball
2-0: SINGLE (Flyball, 78S, EV 85.0 MPH) - OUT at second base trying to stretch hit.
Batting: RHB Ned Lyons 0-0: Ball
1-0: Swinging Strike
1-1: Ball
2-1: SOLO HOME RUN (Flyball, 7D, EV 106.2 MPH), Distance : 382 ft
Batting: LHB Rich Watkins 0-0: Ball
1-0: Foul Ball, location: 2F
1-1: Ground out 5-3 (Groundball, 5, EV 106.2 MPH)
Top of the 5th over - 1 run, 2 hits, 0 errors, 0 left on base; Austin 1 - Calgary 0
BOTTOM OF THE 5TH
Calgary Lynx batting - Pitching for Austin Black Mambas : RHP Harvey Wyles
Batting: RHB Tobias Valencia 0-0: Ball
1-0: Fly out, F8 (Flyball, 8LD, EV 103.1 MPH)
Batting: RHB Isagani Gorre 0-0: Called Strike
0-1: Ball
1-1: SINGLE (Groundball, 6MD, EV 98.8 MPH)
Batting: SHB Jim Santos 0-0: Ball
1-0: Swinging Strike
1-1: Called Strike
1-2: Foul Ball, location: 2F
1-2: Ball
2-2: Strikes out swinging
Batting: LHB Jeff Hershberger 0-0: Ball
Isagani Gorre steals 2nd base
1-0: Fly out, F8 (Flyball, 8RM, EV 94.4 MPH)
Bottom of the 5th over - 0 runs, 1 hit, 0 errors, 1 left on base; Austin 1 - Calgary 0
TOP OF THE 6TH
Austin Black Mambas batting - Pitching for Calgary Lynx : RHP Lorenzo Díaz
Batting: RHB Bailey Gribbins 0-0: Foul Ball, location: 2F
0-1: Foul Ball, location: 2F
0-2: Ball
1-2: Ball
2-2: Ball
3-2: Foul Ball, location: 2F
3-2: Ground out 5-3 (Groundball, 56S, EV 63.8 MPH)
Batting: LHB Tomás Muinos 0-0: Foul Ball, location: 2F
0-1: Ball
1-1: Ball
2-1: Called Strike
2-2: Strikes out swinging
Batting: RHB Jack Núñez 0-0: Ball
1-0: Foul Ball, location: 2F
1-1: Fly out, F7 (Flyball, 7LM, EV 86.9 MPH)
Top of the 6th over - 0 runs, 0 hits, 0 errors, 0 left on base; Austin 1 - Calgary 0
BOTTOM OF THE 6TH
Calgary Lynx batting - Pitching for Austin Black Mambas : RHP Harvey Wyles
Batting: SHB John Hawley 0-0: Called Strike
0-1: Ball
1-1: Foul Ball, location: 2F
1-2: Ball
2-2: Ball
3-2: Foul Ball, location: 2F
3-2: Foul Ball, location: 2F
3-2: Fly out, F3 (Line Drive, 3, EV 73.8 MPH)
Batting: LHB Tim O'Neal 0-0: Foul Ball, location: 2F
0-1: Foul Ball, location: 2F
0-2: DOUBLE (Groundball, 3L, EV 103.8 MPH)
Batting: RHB Jihan Tuah 0-0: Called Strike
0-1: Swinging Strike
0-2: Ball
1-2: Strikes out looking
Batting: LHB Luis Arroyo 0-0: Foul Ball, location: 2F
0-1: Swinging Strike
0-2: SINGLE (Groundball, 3, EV 107.5 MPH) (infield hit)
Tim O'Neal to third
Batting: LHB António González 0-0: Foul Ball, location: 2F
0-1: Foul Ball, location: 2F
0-2: Ball
1-2: Ball
2-2: Ground out 1-3 (Groundball, P, EV 72.5 MPH)
Bottom of the 6th over - 0 runs, 2 hits, 0 errors, 2 left on base; Austin 1 - Calgary 0
TOP OF THE 7TH
Austin Black Mambas batting - Pitching for Calgary Lynx : RHP Lorenzo Díaz
Batting: RHB Doug Page 0-0: Ground out 5-3 (Groundball, 56S, EV 81.2 MPH)
Batting: RHB José González 0-0: Ball
1-0: Ball
2-0: Foul Ball, location: 2F
2-1: Foul Ball, location: 2F
2-2: Reached on error, E2 (Groundball, 13S, EV 66.2 MPH)
Batting: RHB Francisco Ortíz 0-0: Ball
José González is caught stealing 2nd base 2-4
1-0: Ball
2-0: Called Strike
2-1: Ball
3-1: Called Strike
3-2: Foul Ball, location: 2F
3-2: Strikes out swinging
Top of the 7th over - 0 runs, 0 hits, 1 error, 0 left on base; Austin 1 - Calgary 0
BOTTOM OF THE 7TH
Calgary Lynx batting - Pitching for Austin Black Mambas : RHP Harvey Wyles
Now at 1B: Doug Day
Batting: RHB Tobias Valencia 0-0: Foul Ball, location: 2F
0-1: Ball
1-1: Foul Ball, location: 2F
1-2: Fly out, F8 (Flyball, 8LD, EV 105.0 MPH)
Batting: RHB Isagani Gorre 0-0: Ball
1-0: Ground out 6-3 (Groundball, 56S, EV 86.2 MPH)
Batting: SHB Jim Santos 0-0: Called Strike
0-1: Swinging Strike
0-2: Strikes out swinging
Bottom of the 7th over - 0 runs, 0 hits, 0 errors, 0 left on base; Austin 1 - Calgary 0
TOP OF THE 8TH
Austin Black Mambas batting - Pitching for Calgary Lynx : RHP Lorenzo Díaz
Pitching: LHP Ángel Flores
Batting: RHB Kamakakoa Kaponianani 0-0: Ball
1-0: SINGLE (Flyball, 89M, EV 95.0 MPH)
Batting: RHB Ned Lyons 0-0: Bunt missed!
0-1: Reached on error, E2 (Groundball, 2L, EV 43.8 MPH)
Kamakakoa Kaponianani to third
Batting: LHB Rich Watkins 0-0: Ball
1-0: Foul Ball, location: 2F
1-1: Called Strike
1-2: Foul Ball, location: 2F
1-2: Strikes out looking
Batting: RHB Bailey Gribbins 0-0: Ball
1-0: Foul Ball, location: 2F
1-1: Ball
2-1: Ball
3-1: Foul Ball, location: 2F
3-2: Base on Balls
Batting: RHB Doug Day 0-0: Foul Ball, location: 2F
0-1: Ball
1-1: Called Strike
1-2: Foul Ball, location: 2F
1-2: Ball
2-2: Fly out, F8 (Flyball, 8RD, EV 102.5 MPH)
Runner from 3rd tags up, SCORES, no throw by CF
Batting: RHB Jack Núñez 0-0: Foul Ball, location: 2F
0-1: Swinging Strike
0-2: Ball
1-2: Ball
2-2: Foul Ball, location: 2F
2-2: Foul Ball, location: 2F
2-2: Ball
3-2: Strikes out swinging
Top of the 8th over - 1 run, 1 hit, 1 error, 2 left on base; Austin 2 - Calgary 0
BOTTOM OF THE 8TH
Calgary Lynx batting - Pitching for Austin Black Mambas : RHP Harvey Wyles
Pitching: RHP Silverberry Mouhon
Batting: LHB Jeff Hershberger 0-0: Fly out, F6 (Popup, 6S, EV 66.2 MPH)
Batting: SHB John Hawley 0-0: Called Strike
0-1: Fly out, F7 (Flyball, 7S, EV 84.4 MPH)
Batting: LHB Tim O'Neal 0-0: Called Strike
0-1: Ball
1-1: SINGLE (Line Drive, 56D, EV 96.9 MPH)
Batting: RHB Jihan Tuah 0-0: Swinging Strike
0-1: Ball
1-1: Ball
2-1: Foul Ball, location: 2F
2-2: Strikes out looking
Bottom of the 8th over - 0 runs, 1 hit, 0 errors, 1 left on base; Austin 2 - Calgary 0
TOP OF THE 9TH
Austin Black Mambas batting - Pitching for Calgary Lynx : LHP Ángel Flores
Batting: RHB Doug Page 0-0: Called Strike
0-1: Foul Ball, location: 2F
0-2: Ball
1-2: Fly out, F8 (Flyball, 8LM, EV 84.4 MPH)
Batting: RHB José González 0-0: Called Strike
0-1: Foul Ball, location: 2F
0-2: Ball
1-2: SINGLE (Groundball, 6MD, EV 95.6 MPH)
Pitching: RHP Chris Rice
Batting: RHB Francisco Ortíz 0-0: Ball
José González steals 2nd, throwing error, E2
José González to third
1-0: Intentional Walk
Batting: RHB Kamakakoa Kaponianani 0-0: Ball
1-0: Called Strike
1-1: Ball
2-1: Foul Ball, location: 2F
2-2: Ball
3-2: Base on Balls
Francisco Ortíz to second
Batting: RHB Ned Lyons 0-0: Called Strike
0-1: SINGLE (Flyball, 7LS, EV 84.4 MPH)
José González scores
Francisco Ortíz to third
Kamakakoa Kaponianani to second
Batting: LHB Rich Watkins 0-0: Ball
1-0: Ball
2-0: Foul Ball, location: 2F
2-1: Ball
3-1: Base on Balls
Francisco Ortíz scores
Kamakakoa Kaponianani to third
Ned Lyons to second
Batting: RHB Bailey Gribbins 0-0: Ball
1-0: Called Strike
1-1: Ball
2-1: Swinging Strike
2-2: Ball
3-2: Fly out, F8 (Flyball, 8LD, EV 98.1 MPH)
Runner from 3rd tags up, SCORES, no throw by CF
Batting: RHB Doug Day 0-0: Ball
1-0: Fly out, F7 (Flyball, 7LS, EV 86.2 MPH)
Top of the 9th over - 3 runs, 2 hits, 1 error, 2 left on base; Austin 5 - Calgary 0
BOTTOM OF THE 9TH
Calgary Lynx batting - Pitching for Austin Black Mambas : RHP Silverberry Mouhon
Batting: LHB Luis Arroyo 0-0: Ball
1-0: Swinging Strike
1-1: Called Strike
1-2: Ball
2-2: Ball
3-2: Reached on error, E8 (Flyball, 78D, EV 86.9 MPH)
Batting: LHB António González 0-0: Foul Ball, location: 2F
0-1: Swinging Strike
0-2: Strikes out looking
Batting: RHB Tobias Valencia 0-0: Ball
1-0: Ball
2-0: Fly out, F6 (Popup, 15, EV 83.8 MPH)
Batting: RHB Isagani Gorre 0-0: 2-RUN HOME RUN (Flyball, 78XD, EV 100.6 MPH), Distance : 425 ft
Batting: SHB Jim Santos 0-0: Foul Ball, location: 2F
0-1: Ball
1-1: Ball
2-1: Ground out 5-3 (Groundball, 5, EV 76.9 MPH)
Bottom of the 9th over - 2 runs, 1 hit, 1 error, 0 left on base; Austin 5 - Calgary 2
Tuesday, January 5th, 2021 - OOTP Baseball 20.8 Build 74